 Dungeon Crawl Stone Soup version 0.28-a0-175-gb2089b6bb7 (webtiles) character file.

Game seed: 5870604269027305301

4 Nattfarinn the Skirmisher (level 1, 0/24 HPs)
             Began as an Ogre Berserker on Aug 17, 2021.
             Was a Follower of Trog.
             Slain by a quokka (2 damage)
             ... on level 1 of the Dungeon.
             The game lasted 00:00:11 (81 turns).

Nattfarinn the Skirmisher (Ogre Berserker)            Turns: 81, Time: 00:00:11

Health: 0/24       AC:  3    Str: 20    XL:     1   Next: 70%
Magic:  1/1        EV: 10    Int:  8    God:    Trog [*.....]
Gold:   0          SH:  0    Dex:  8    Spells: 0/0 levels left

rFire   . . .      SeeInvis .   a - +0 mace
rCold   . . .      Faith    .   (no shield)
rNeg    . . .      Spirit   .   b - +0 animal skin
rPois   .          Reflect  .   (helmet restricted)
rElec   .          Harm     .   (no cloak)
rCorr   .          Rampage  .   (gloves unavailable)
Will    .....                   (boots unavailable)
Stlth   +.........              (no amulet)
HPRegen 0.08/turn               (no ring)
MPRegen 0.07/turn               (no ring)

@: no status effects
A: large, unfitting armour, tough skin 1
a: Renounce Religion, Berserk


You were on level 1 of the Dungeon.
You worshipped Trog.
Trog was aware of your devotion.
You visited 1 branch of the dungeon, and saw 1 of its levels.

Inventory:

Hand Weapons
 a - a +0 mace (weapon)
Armour
 b - a +0 animal skin (worn)


   Skills:
 * Level 4.2 Fighting
 + Level 2.7 Maces & Flails
 + Level 2.7 Dodging


You couldn't memorise any spells.
You didn't know any spells.
Your spell library was empty.

Dungeon Overview and Level Annotations

Branches:
Dungeon (1/15)

Altars:


Innate Abilities, Weirdness & Mutations

You are too large for most types of armour.
You have tough skin. (AC +1)


Message History

You are too injured to fight recklessly!
You are too injured to fight recklessly!
You are too injured to fight recklessly!
You are too injured to fight recklessly!
You are too injured to fight recklessly!
You are too injured to fight recklessly!
You are too injured to fight recklessly!
You are too injured to fight recklessly!
You are too injured to fight recklessly!
You are too injured to fight recklessly!
You are too injured to fight recklessly!
You are too injured to fight recklessly!
You are too injured to fight recklessly!
You are too injured to fight recklessly!
You are too injured to fight recklessly!
You are too injured to fight recklessly!
You are too injured to fight recklessly!
You are too injured to fight recklessly!
You are too injured to fight recklessly!
You are too injured to fight recklessly!
Unknown command.
The quokka bites you.
Things that are here:
a +0 dagger; a +0 club; a goblin corpse The quokka barely misses you.
The quokka twitches its whiskers.
The quokka bites you but does no damage.
You hit the quokka but do no damage. The quokka closely misses you.
The quokka barely misses you. The quokka bites you.
* * * LOW HITPOINT WARNING * * *
You hit the quokka.
You kill the quokka!
Trog accepts your kill.
The quokka twitches its whiskers.
The quokka bites you.
* * * LOW HITPOINT WARNING * * *
The quokka bites you.
* * * LOW HITPOINT WARNING * * *
The quokka bites you.
You die...

.#...........
.##............
...............
..............
#............#
#............
#..........#
#..........# .
#.#r@.......
...#.#)....... ####
....##...##### #...
.......#..# #.##
..........# #.#
^#.#..#.#.###########.#
...#..#.#.............#
#..r.###############
##.#.


You could see a quokka.

Vanquished Creatures
  2 goblins (D:1)
  A quokka (D:1)
  A rat (D:1)
4 creatures vanquished.

Notes
Turn   | Place    | Note
-------+----------+-------------------------------------------
     0 | D:1      | Nattfarinn the Ogre Berserker began the quest for the Orb.
     0 | D:1      | Reached XP level 1. HP: 24/24 MP: 1/1
    81 | D:1      | Slain by a quokka

Illustrated notes

Levels and vault maps discovered:
D:1:      minmay_arrival_loop, layout_basic, dilly_ecumenical_altar_fadedgnrine,
          minmay_misc_feat_secret_circle

Action                   || total
-------------------------++-------
Melee: Mace              ||     9
Armor: Animal skin       ||     5
Dodge: Dodged            ||     9

Table legend: (Time is in decaauts)
 A = Elapsed time spent in this place.
 B = Non-inter-level travel time spent in this place.
 C = Inter-level travel time spent in this place.
 D = Time resting spent in this place.
 E = Time spent auto-exploring this place.
 F = Levels seen in this place.
 G = Mean time per level.
                   A        B        C        D        E       F      G
               +--------+--------+--------+--------+--------+-----+--------+
         Total |     83 |     83 |      0 |      0 |     64 |   1 |   83.0 |
       Dungeon |     83 |     83 |      0 |      0 |     64 |   1 |   83.0 |
               +--------+--------+--------+--------+--------+-----+--------+

Top non-repeatable levels by time:
     D:1: 83 daAuts
